 Dungeon Crawl Stone Soup version 0.29.1-12-g30fa7ad0bf (webtiles) character file.

Game seed: 8937883076413650994

116 tesmudgin the Ruffian (level 4, 0/42 HPs)
             Began as a Troll Gladiator on Jan 10, 2023.
             Slain by an orc wizard
             ... wielding a +4 dagger
              (6 damage)
             ... on level 4 of the Dungeon.
             The game lasted 00:08:51 (569 turns).

tesmudgin the Ruffian (Troll Gladiator)              Turns: 569, Time: 00:08:52

Health: 0/42       AC:  4    Str: 24    XL:     4   Next: 70%
Magic:  3/3        EV: 10    Int:  4    God:
Gold:   1091       SH:  0    Dex: 11    Spells: 3/3 levels left

rFire   . . .      SeeInvis .     - Unarmed
rCold   . . .      Faith    .   (no shield)
rNeg    + . .      Spirit   .   a - +0 robe
rPois   .          Reflect  .   b - +0 hat
rElec   .          Harm     .   (no cloak)
rCorr   .          Rampage  .   (gloves unavailable)
Will    .....                   (boots unavailable)
Stlth   +.........              (no amulet)
HPRegen 0.94/turn               m - ring of positive energy
MPRegen 0.08/turn               (no ring)

@: confused
A: large, unfitting armour, claws 3, regeneration 1, shaggy fur 1, tough skin 1
a: no special abilities


You were on level 4 of the Dungeon.
You visited 1 branch of the dungeon, and saw 3 of its levels.

You collected 1091 gold pieces.

Inventory:

Hand Weapons
 h - a +0 dagger
Missiles
 c - 3 throwing nets (quivered)
 d - a large rock
Armour
 a - a +0 robe (worn)
 b - a +0 hat (worn)
 i - a +0 ring mail
 k - a +0 plate armour
Jewellery
 m - a ring of positive energy (left claw)
Scrolls
 f - a scroll of amnesia {unknown}
 o - a scroll of magic mapping {unknown}
Potions
 e - 3 potions of brilliance {unknown}
 g - 2 potions of curing {unknown}
 j - a potion of heal wounds {unknown}
 l - a potion of resistance {unknown}
 n - a potion of attraction {unknown}


   Skills:
 + Level 1.8 Fighting
 + Level 2.0 Throwing
 + Level 3.3 Dodging
 + Level 4.4 Unarmed Combat


You had 3 spell levels left.
You didn't know any spells.
Your spell library was empty.

Dungeon Overview and Level Annotations

Branches:
Dungeon (2/15)

Altars:

Shops:
D:1 [


Innate Abilities, Weirdness & Mutations

You are too large for most types of armour.
You have claws for hands.
Your natural rate of healing is unusually fast.
You are covered in fur. (AC +1)
You have tough skin. (AC +1)


Message History

The hound bites you but does no damage.
You claw the hound!
You kill the hound!
Your Throwing skill increases to level 2!
Your Unarmed Combat skill increases to level 4!
You have reached level 4!
You scratch the iguana but do no damage.
The iguana bites you!
You completely miss the iguana.
An orc comes into view. It is wielding a +0 trident.
The iguana bites you but does no damage.
You claw the iguana!
The iguana is heavily wounded.
The iguana bites you!
You scratch the iguana. Your claw misses the iguana.
The iguana is heavily wounded.
The orc wizard casts a spell at you. The puff of flame hits you!
The iguana bites you.
You closely miss the iguana.
The iguana is heavily wounded.
The orc shouts!
The iguana bites you!
* * * LOW HITPOINT WARNING * * *
A goblin comes into view. It is wielding a +0 dagger.
You closely miss the iguana.
The iguana is heavily wounded.
The goblin shouts!
The orc wizard casts a spell at you.
You are confused.
The iguana closely misses you.
You claw the iguana!
You kill the iguana!
An orc priest comes into view. It is wielding a +0 club.
An orc comes into view. It is wielding a +0 club.
The orc wizard hits you with a +4 dagger.
* * * LOW HITPOINT WARNING * * *
You closely miss the orc wizard.
The orc priest shouts!
The orc shouts!
The orc wizard hits you with a +4 dagger.
You die...

####...# #.....# #.....
#.....# ..##.......o
#.....# ........o..
#.....# .h#....o.o.
#.....# ...o...$..
#.....##########.o.......
#...............g........
#......#######.@#.†......
#......# #o##........
#......# ###†##†.......
######.#####.............
##..#................
#......#.............
###..................
####...............
###.............


You could see an orc priest, an orc wizard, 3 orcs and a goblin.

Vanquished Creatures
  A hound (D:4)
  An iguana (D:4)
  3 adders
  2 worms (D:2)
  A dart slug (D:2)
  2 ball pythons (D:2)
  5 endoplasms
  4 hobgoblins
  2 jackals (D:1)
  2 bats
  A frilled lizard (D:2)
  A kobold (D:1)
  3 rats
28 creatures vanquished.

Notes
Turn   | Place    | Note
-------+----------+-------------------------------------------
     0 | D:1      | tesmudgin the Troll Gladiator began the quest for the Orb.
     0 | D:1      | Reached XP level 1. HP: 19/19 MP: 0/0
    88 | D:1      | Found Eloul's Armour Emporium.
   137 | D:1      | Reached XP level 2. HP: 27/27 MP: 1/1
   332 | D:2      | Identified a scroll of acquirement
   332 | D:2      | Acquired 1055 gold pieces
   376 | D:2      | Reached XP level 3. HP: 34/35 MP: 2/2
   527 | D:2      | You fall into a shaft and drop 2 floors!
   561 | D:4      | Reached skill level 4 in Unarmed Combat
   561 | D:4      | Reached XP level 4. HP: 42/42 MP: 3/3
   569 | D:4      | Slain by an orc wizard

Illustrated notes

Levels and vault maps discovered:
D:1:      sevenhm_arrival_forest_fort_small_4, layout_rooms, serial_shops,
          nicolae_shop_crystal, ebering_ecumenical_altar_sacrificial,
          serial_park_tiny_1, minmay_misc_feat_columns, hangedman_decor_push
D:2:      layout_loops_ring, minmay_box_of_dots
D:4:      layout_rooms, uniq_blork_the_orc

Skill      XL: |  1  2  3 |
---------------+----------+-----
Dodging        | 3 |  3.3
Throwing       | 2 |  2.0
Unarmed Combat | 4 |  4.4
Fighting       | |  1.8

Action                   |  1- 3 |  4- 6 || total
-------------------------+-------+-------++-------
Melee: Unarmed           |    55 |     8 ||    63
       Punch             |     2 |       ||     2
  Use: Scroll            |     1 |       ||     1
Armor: Robe              |    18 |     1 ||    19
Dodge: Dodged            |    23 |     1 ||    24
